Map: Magannatha LE

Players

LiquidClem (Clem) - Winner!

  • Race: Terran Terran
  • Spawn Location: 11:00

Reynor

  • Race: Zerg Zerg
  • League: Master
  • Spawn Location: 5:00

Event: FEL Cracov 2025

VOD

Have the link to the VOD?

Description

Time

  • Played on: July 27, 2025, 5:39 p.m.
  • Length: 9:10

All games in this series

Show
View Real Time Build Order
Export as new Build Order

LiquidClem Terran - Winner!

Build Orders:  

Get SALT Encoding   

  12  0:00  SCV  
  13  0:12  SCV  
  14  0:17  Supply Depot  
  14  0:24  SCV  
  15  0:39  SCV  
  15  0:41  Barracks  
  16  0:43  Refinery  
  16  0:51  SCV  
  17  0:59  Barracks  
  17  1:03  SCV  
  18  1:15  SCV  
  19  1:27  Reaper, Orbital Command  
  20  1:35  Supply Depot  
  20  1:46  Reaper  
  21  1:53  SCV  
  22  2:02  Reaper  
  22  2:05  SCV  
  24  2:09  Command Center  
  24  2:17  Barracks  
  24  2:21  SCV  
  25  2:23  Barracks Reactor  
  25  2:35  SCV  
  25  2:36  Barracks, Barracks Tech Lab  
  26  2:47  SCV  
  26  2:51  Supply Depot  
  27  2:55  Marine  
  28  3:00  Marine x2  
  28  3:01  SCV  
  31  3:12  Marine, Stimpack  
  32  3:13  SCV  
  32  3:16  Marine  
  32  3:18  Marine x2  
  36  3:26  SCV  
  37  3:28  Orbital Command  
  37  3:29  Marine  
  37  3:30  Marine  
  37  3:34  Marine  
  39  3:40  Marine x2, Supply Depot  
  42  3:43  SCV  
  42  3:47  Marine  
  44  3:49  Marine  
  44  3:51  Marine  
  44  3:54  SCV  
  44  3:55  SCV  
  48  4:00  Marine  
  48  4:01  Marine  
  50  4:04  Supply Depot  
  50  4:06  SCV  
  50  4:07  SCV, Marine  
  50  4:08  Marine  
  54  4:11  Marine  
  54  4:15  Factory  
  55  4:18  SCV  
  55  4:19  Marine, Refinery  
  55  4:20  Marine  
  58  4:26  SCV  
  58  4:27  Supply Depot  
  58  4:30  SCV  
  60  4:35  Marine  
  60  4:38  SCV  
  62  4:40  Marine  
  62  4:41  Marine  
  62  4:42  SCV, Marine  
  66  4:49  Marine  
  66  4:50  SCV, Refinery  
  66  4:51  Supply Depot  
  66  4:52  Combat Shield  
  68  4:54  Engineering Bay, Marine  
  68  4:57  SCV  
  68  4:58  Marine x2  
  71  5:03  Starport  
  71  5:04  Factory Reactor  
  71  5:05  Marine  
  67  5:07  Marine, SCV  
  67  5:11  SCV  
  67  5:12  Marine  
  66  5:16  Marine x2  
  63  5:23  SCV, Marine  
  63  5:25  SCV  
  59  5:31  Terran Infantry Weapons Level 1  
  59  5:32  Marine  
  59  5:35  SCV, Marine x2  
  59  5:36  Marine  
  59  5:37  SCV  
  61  5:43  Marine  
  61  5:47  Medivac  
  61  5:48  Factory Tech Lab, Refinery  
  61  5:49  Medivac  
  66  5:54  Marine  
  66  5:55  Marine, Barracks Reactor  
  68  6:00  Command Center  
  68  6:03  Supply Depot  
  68  6:04  Marine  
  69  6:06  Barracks Reactor  
  69  6:07  SCV x2  
  71  6:12  Supply Depot  
  71  6:14  Marine x2  
  71  6:17  Siege Tank  
  76  6:19  SCV  
  76  6:22  Barracks, SCV  
  76  6:24  Marine  
  79  6:27  Supply Depot  
  79  6:32  SCV, Marine  
  80  6:33  Marine x2, Supply Depot  
  80  6:34  Medivac  
  80  6:35  Medivac  
  80  6:36  Marine  
  88  6:42  Marine x3  
  91  6:49  Armory  
  91  6:50  Marine  
  89  6:55  Siege Tank, Marine x3  
  89  7:00  Marine  
  90  7:01  Supply Depot  
  90  7:02  Marine x2  
  90  7:08  Medivac, Marine x2  
  93  7:09  Medivac  
  93  7:13  Marine  
  93  7:15  Marine x2  
  97  7:17  Marine  
  97  7:19  SCV x2  
  97  7:20  Marine  
  101  7:24  Marine  
  101  7:26  Marine  
  103  7:31  Siege Tank, SCV x2  
  103  7:32  Marine  
  103  7:33  Marine  
  110  7:38  Marine  
  110  7:42  Marine  
  110  7:43  Marine, Engineering Bay, SCV  
  106  7:45  Marine  
  106  7:47  Barracks Reactor, Marine  
  106  7:50  Marine  
  109  7:52  Orbital Command  
  109  7:54  Medivac  
  109  7:57  Marine  
  101  8:01  Marine  
  101  8:02  Marine x2  
  101  8:04  Medivac  
  101  8:05  Marine x2  
  102  8:08  Marine  
  102  8:12  SCV  
  105  8:14  SCV  
  105  8:15  Marine  
  105  8:18  Siege Tank  
  105  8:19  Marine x2  
  107  8:20  Marine  
Show
View Real Time Build Order
Export as new Build Order

Reynor Zerg 

Build Orders: Hatch First 

Get SALT Encoding   

  12  0:00  Drone  
  13  0:09  Drone  
  14  0:14  Extractor  
  14  0:15  Drone  
  15  0:21  Overlord  
  15  0:40  Drone  
  16  0:46  Hatchery  
  16  0:49  Drone  
  16  0:52  Drone  
  16  0:56  Drone  
  18  1:07  Extractor  
  17  1:11  Spawning Pool  
  17  1:14  Drone  
  17  1:18  Drone  
  18  1:26  Drone  
  19  1:37  Drone  
  20  1:48  Drone  
  21  1:58  Queen, Zergling x2  
  21  1:59  Zergling x2  
  25  2:03  Hatchery  
  24  2:11  Metabolic Boost  
  24  2:15  Zergling x2  
  25  2:22  Queen  
  26  2:30  Overlord  
  26  2:32  Drone  
  27  2:48  Queen  
  27  2:49  Drone x2, Zergling x4  
  33  2:54  Overlord  
  33  2:59  Drone  
  33  3:06  Zergling x4  
  33  3:11  Drone  
  35  3:13  Queen  
  35  3:15  Zergling x2  
  35  3:18  Drone  
  39  3:22  Drone  
  39  3:24  Overlord  
  40  3:28  Zergling x2  
  40  3:33  Queen  
  43  3:35  Drone  
  43  3:36  Drone  
  43  3:40  Drone  
  46  3:42  Overlord  
  46  3:45  Drone  
  46  3:48  Drone  
  48  3:49  Drone  
  48  3:52  Overlord  
  48  3:59  Drone  
  48  4:00  Drone  
  48  4:01  Drone  
  50  4:03  Drone x2  
  50  4:05  Drone  
  50  4:07  Drone x2  
  55  4:13  Queen  
  55  4:16  Drone  
  58  4:19  Drone x2  
  58  4:21  Drone x2  
  62  4:24  Zergling x4  
  64  4:33  Overlord  
  64  4:36  Drone x2  
  64  4:38  Zergling x2  
  64  4:40  Overlord  
  64  4:43  Overlord  
  65  4:47  Overlord  
  65  4:50  Queen x2  
  69  4:53  Zergling x6  
  69  4:59  Zergling x4  
  72  5:03  Zergling x8  
  72  5:05  Zergling x2  
  60  5:10  Zergling x2  
  46  5:16  Zergling x4  
  46  5:17  Zergling x4  
  46  5:20  Zergling x2  
  41  5:23  Drone  
  41  5:26  Drone  
  41  5:27  Drone  
  38  5:30  Drone  
  38  5:33  Drone  
  41  5:35  Drone  
  41  5:39  Drone  
  41  5:41  Drone  
  43  5:45  Drone  
  43  5:46  Drone  
  43  5:48  Drone  
  44  5:55  Baneling Nest  
  43  5:57  Burrow  
  43  5:59  Drone  
  43  6:02  Drone  
  43  6:03  Drone  
  46  6:07  Zergling x4  
  46  6:10  Zergling x4  
  50  6:13  Drone  
  50  6:17  Drone x2  
  50  6:18  Drone  
  54  6:20  Drone  
  54  6:22  Zergling x2  
  54  6:23  Zergling x2  
  56  6:26  Zergling x4  
  56  6:30  Zergling x4  
  56  6:31  Zergling x2  
  61  6:35  Zergling x2  
  61  6:37  Zergling x2  
  63  6:40  Zergling x2  
  63  6:44  Queen  
  63  6:46  Zergling x6  
  68  6:52  Zergling x6  
  68  6:53  Zergling x2  
  62  6:54  Zergling x2  
  62  7:00  Zergling x2  
  56  7:01  Queen  
  56  7:07  Zergling x6  
  59  7:13  Zergling x2  
  55  7:16  Baneling x7  
  55  7:17  Zergling x2  
  55  7:20  Lair  
  56  7:23  Zergling x2  
  56  7:24  Zergling x2  
  56  7:25  Zergling x2  
  59  7:32  Zergling x2  
  57  7:37  Zergling x4  
  57  7:38  Queen  
  57  7:40  Zergling x2  
  57  7:41  Baneling x2  
  60  7:48  Zergling x4  
  60  7:49  Baneling x2  
  60  7:50  Zergling x8  
  66  7:54  Zergling x6  
  68  7:58  Zergling x2  
  68  8:00  Baneling x2  
  68  8:03  Zergling x2  
  62  8:07  Zergling x2, Queen  
  65  8:17  Zergling x4  
Tags
 
Add a new tag
Caveats
  • Supply blocks, unpowered buildings, or Contaminate may cause inaccurate times.
  • Supply counts are checked every 10 seconds.